 Dungeon Crawl Stone Soup version 0.24.0-13-gcf9b3192b9 (webtiles) character file.

Game seed: 6564251954702060103, levelgen mode: deterministic

56 Alabard the Sneak (level 3, -2/16 HPs)
             Began as a Vampire Assassin on Nov 9, 2019.
             Slain by a gnoll
             ... wielding a +0 whip
              (10 damage)
             ... on level 2 of the Dungeon.
             The game lasted 00:03:54 (1433 turns).

Alabard the Sneak (Vampire Assassin)                Turns: 1433, Time: 00:03:54

Health: -2/16      AC:  3    Str:  9 (10) XL:     3   Next: 69%
Magic:  3/3        EV: 12    Int: 11 (13) God:
Gold:   42         SH:  0    Dex: 14 (16) Spells: 2/2 levels left

rFire    . . .     SeeInvis +   a - +2 dagger
rCold    + + .     Gourm    .   (no shield)
rNeg     + + +     Faith    .   b - +0 robe
rPois    ∞         Spirit   .   (no helmet)
rElec    .         Reflect  .   c - +0 cloak
rCorr    .         Harm     .   (no gloves)
MR       .....                  (no boots)
Stlth    +++++.....             (no amulet)
HPRegen  0.00/turn              (no ring)
MPRegen  0.08/turn              (no ring)

@: bloodless, regenerating quickly
A: no food, fangs 3, see invisible, [frail 2], unbreathing
a: Bat Form, Revivify


You were on level 2 of the Dungeon.
You were bloodless.

You visited 1 branch of the dungeon, and saw 2 of its levels.

You collected 42 gold pieces.

Inventory:

Hand Weapons
 a - a +2 dagger (weapon)
Missiles
 d - 8 poisoned darts (quivered)
 e - 2 curare-tipped darts
Armour
 b - a +0 robe (worn)
 c - a +0 cloak (worn)
Jewellery
 f - an uncursed amulet of regeneration {unknown}
 i - an uncursed ring of protection from fire {unknown}
Scrolls
 h - a scroll of immolation {unknown}
 l - a scroll of noise {unknown}
 m - a scroll of identify {unknown}
 n - a scroll of enchant weapon {unknown}
Potions
 g - 2 potions of agility {unknown}
 j - a potion of might {unknown}
 k - a potion of curing {unknown}


   Skills:
 + Level 1.8 Fighting
 + Level 2.7 Short Blades
 + Level 1.9 Throwing
 + Level 1.9 Dodging
 + Level 7.1 Stealth


You had 2 spell levels left.
You didn't know any spells.
Your spell library was empty.

Dungeon Overview and Level Annotations

Branches:
Dungeon (2/15)

Altars:


Innate Abilities, Weirdness & Mutations

You do not eat.
You do not regenerate when monsters are visible.
You are frail without blood (-20% HP).
You can heal yourself when you bite living creatures.
You are immune to poison.
You have razor-sharp teeth.
You have supernaturally acute eyesight. (SInv)
You can survive without breathing.
[You are very frail. (-20% HP)]


Message History

The kobold hits you. The giant cockroach misses you.
You are too injured to fight recklessly!
You hit the giant cockroach.
The giant cockroach is severely wounded.
The giant cockroach misses you. The kobold misses you.
The giant cockroach closely misses you.
You hit the giant cockroach but do no damage.
The giant cockroach is severely wounded.
The giant cockroach bites you but does no damage.
You barely miss the giant cockroach.
The giant cockroach is severely wounded.
The giant cockroach bites you but does no damage.
You hit the giant cockroach but do no damage.
The giant cockroach is severely wounded.
The giant cockroach closely misses you.
You hit the giant cockroach.
You kill the giant cockroach!
You barely miss the gnoll. The gnoll hits you with a +0 whip!
Ouch! That really hurt!
You die...

#.. #..# #. # #.. #..##
#. .##. #..##.).## #.
##....
.####..#.....##.### #.
......
....................####.
..... .......(.........
#..... ..(..
.......#Kg...###.....#...
# ########g#.#.# ## #.##
# #@#.#.# #.# # #.#.#.#
#.# # #.#.#.# #.# ##
#.#.#.#### #.# <#
#........#### #.# .#
###.....)...# #.# .#
###.##.##.###.# .##.#
#.##........# ....#
#.#####.#####


You could see 2 gnolls and a kobold.

Vanquished Creatures
  A gnoll (D:2)
  An adder (D:2)
  A dart slug (D:1)
  A ball python (D:2)
  3 bats
  3 giant cockroaches
  3 goblins
  6 hobgoblins
  3 jackals (D:2)
  4 kobolds
  4 frilled lizards
  3 rats
33 creatures vanquished.

Notes
Turn   | Place    | Note
-------+----------+-------------------------------------------
     0 | D:1      | Alabard the Vampire Assassin began the quest for the Orb.
     0 | D:1      | Reached XP level 1. HP: 16/16 MP: 1/1
    24 | D:1      | Reached skill level 6 in Stealth
   174 | D:1      | Reached XP level 2. HP: 17/17 MP: 2/2
   939 | D:2      | Reached XP level 3. HP: 24/24 MP: 3/3
  1098 | D:2      | Reached skill level 7 in Stealth
  1433 | D:2      | Slain by a gnoll

Levels and vault maps discovered:
D:1:      elethiomel_arrival_infinity_welcomes_careful_drivers,
          layout_loops_corners
D:2:      layout_loops_ring

Skill      XL: |  1  2  3 |
---------------+----------+-----
Stealth        | 6 7 |  7.1
Fighting       | |  1.8
Short Blades   | |  2.7
Throwing       | |  1.9
Dodging        | |  1.9

Action                   || total
-------------------------++-------
Melee: Dagger            ||    87
       Bite              ||     8
       Unarmed           ||     9
 Abil: Exsanguinate      ||     3
       Revivify          ||     2
       End Transformatio ||     1
       Bat Form          ||     1
 Stab: Sleeping          ||    14
Armor: Robe              ||    16
Dodge: Dodged            ||    68
